 Dungeon Crawl Stone Soup version 0.29.0-11-gd7f09526c8 (webtiles) character file.

Game seed: 5443502014651012334

266 RascalDebosk the Covered (level 6, 0/55 HPs)
             Began as a Minotaur Fighter on Sept 5, 2022.
             Slain by a river rat (5 damage)
             ... in a sewer.
             The game lasted 00:13:34 (2875 turns).

RascalDebosk the Covered (Minotaur Fighter)         Turns: 2875, Time: 00:13:35

Health: 0/55       AC:  8    Str: 23    XL:     6   Next: 0%
Magic:  5/5        EV:  6    Int:  5    God:
Gold:   100        SH: 12    Dex:  9    Spells: 5/5 levels left

rFire   . . .      SeeInvis .   a - +0 war axe
rCold   . . .      Faith    .   h - +0 tower shield
rNeg    . . .      Spirit   .   b - +0 scale mail
rPois   .          Reflect  .   (helmet restricted)
rElec   .          Harm     .   (no cloak)
rCorr   .          Rampage  .   r - +0 pair of gloves
Will    .....                   (no boots)
Stlth   ..........              (no amulet)
HPRegen 0.18/turn               (no ring)
MPRegen 0.09/turn               (no ring)

@: very slow
A: horns 2, retaliatory headbutt
a: no special abilities


You were in a sewer.
You visited 1 branch of the dungeon, and saw 3 of its levels.
You also visited: Sewer.

You collected 100 gold pieces.

Inventory:

Hand Weapons
 a - a +0 war axe (weapon)
Missiles
 i - a throwing net (quivered)
 q - 6 boomerangs
 t - 8 poisoned darts
Armour
 b - a +0 scale mail (worn)
 h - a +0 tower shield (worn)
 r - a +0 pair of gloves (worn)
Wands
 p - a wand of flame (15)
Scrolls
 e - a scroll of silence {unknown}
 f - a scroll of teleportation {unknown}
 g - a scroll of enchant weapon {unknown}
 l - 5 scrolls of identify {unknown}
 n - a scroll of fear {unknown}
Potions
 c - a potion of attraction {unknown}
 d - 2 potions of might
 j - 2 potions of lignification {unknown}
 k - 2 potions of curing
 m - a potion of flight {unknown}
 o - a potion of brilliance {unknown}
 s - a potion of heal wounds {unknown}
 u - a potion of cancellation {unknown}


   Skills:
 + Level 4.8 Fighting
 + Level 3.9 Axes
 + Level 2.4 Throwing
 + Level 4.8 Armour
 + Level 4.8 Shields


You had 5 spell levels left.
You didn't know any spells.
Your spell library was empty.

Dungeon Overview and Level Annotations

Branches:
Dungeon (3/15)              Sewer (1/1)

Altars:
Uskayaw

Shops:
D:1 !


Innate Abilities, Weirdness & Mutations

You have a pair of horns on your head.
You reflexively headbutt those who attack you in melee.


Message History

The ball python bites you but does no damage.
The ball python constricts you. You block the river rat's attack.
The ball python bites you but does no damage.
The ball python constricts you.
* * * LOW HITPOINT WARNING * * *
You have reached level 6!
It was a potion of curing.
You feel better.
The river rat bites you but does no damage.
The river rat bites you.
* * * LOW HITPOINT WARNING * * *
You block the river rat's attack.
The rat twitches its whiskers.
The rat splashes around in the water.
You block the ball python's attack. The ball python constricts you.
You slash the river rat!
The river rat is severely wounded.
You closely miss the rat. You barely miss the river rat.
You hit the ball python. You hit the river rat but do no damage.
You block the ball python's attack. The ball python constricts you.
The river rat bites you.
* * * LOW HITPOINT WARNING * * *
The river rat bites you but does no damage.
The river rat bites you.
* * * LOW HITPOINT WARNING * * *
You block the rat's attack.
The ball python bites you but does no damage.
The ball python constricts you. The river rat bites you.
* * * LOW HITPOINT WARNING * * *
The river rat bites you but does no damage.
The river rat completely misses you.
You hit the river rat.
The river rat is severely wounded.
You slash the ball python!
You kill the ball python!
You hit the river rat but do no damage. You slash the rat!
You kill the rat!
You hit the river rat.
The rat twitches its whiskers.
You block the river rat's attack. x2; The river rat bites you.
You die...

....####... ......... ##.......#
..##........## .
...............##..
≈≈≈≈≈##.........r........
≈≈≈≈≈≈≈≈≈≈≈≈.~.rrr†.~.~≈≈ ≈≈≈≈≈≈≈
≈≈≈≈≈≈≈≈≈≈≈≈≈≈≈≈rr≈≈≈≈≈≈≈≈≈≈≈≈≈≈≈
≈≈≈≈≈≈≈≈≈≈≈≈≈≈≈r@r≈≈≈≈≈≈≈≈≈≈≈≈≈≈≈
≈≈≈≈≈≈≈≈≈≈≈≈≈≈.~.~.~.≈≈≈≈≈≈≈≈≈≈≈≈
≈≈≈≈≈≈≈≈≈≈≈≈≈.~.....~~~.≈≈≈≈≈≈≈≈≈
≈≈≈~~~~....~..........~.~.~≈≈≈≈≈≈
......†...................~~.~~~~
......†..........................
........##...........÷...........
......#####.......##.÷...........
#...######...##..#####......###..


You could see 3 river rats and 5 rats.

Vanquished Creatures
  Natasha (thrice) (D:2)
  Terence (D:3)
  Robin (D:3)
  3 adders (D:2)
  5 river rats
  A worm (D:2)
  A dart slug (D:2)
  6 endoplasms
  2 giant cockroaches
  10 goblins
  10 hobgoblins
  7 jackals
  10 kobolds
  A quokka (D:1)
  6 ball pythons
  3 bats
  14 rats
84 creatures vanquished.

Notes
Turn   | Place    | Note
-------+----------+-------------------------------------------
     0 | D:1      | RascalDebosk the Minotaur Fighter began the quest for the
                  | Orb.
     0 | D:1      | Reached XP level 1. HP: 19/19 MP: 0/0
    66 | D:1      | Found Dicisol's Distillery.
   190 | D:1      | Reached XP level 2. HP: 27/27 MP: 1/1
   396 | D:1      | Found a faded altar of an unknown god.
   704 | D:2      | Reached XP level 3. HP: 15/33 MP: 2/2
   706 | D:2      | Reached skill level 1 in Throwing
  1308 | D:2      | Noticed Natasha
  1318 | D:2      | Killed Natasha
  1319 | D:2      | Reached XP level 4. HP: 17/40 MP: 3/3
  1508 | D:2      | Noticed Natasha
  1515 | D:2      | Killed Natasha
  1521 | D:2      | Noticed Natasha
  1529 | D:2      | Killed Natasha
  1530 | D:2      | Reached XP level 5. HP: 7/47 MP: 4/4
  2101 | D:3      | Found a hide-covered altar of Uskayaw.
  2202 | D:3      | Noticed Robin
  2212 | D:3      | Killed Robin
  2470 | D:3      | Noticed Terence
  2480 | D:3      | Killed Terence
  2575 | D:3      | Found a glowing drain.
  2594 | Sewer    | Entered a sewer
  2873 | Sewer    | Reached XP level 6. HP: 7/55 MP: 5/5
  2875 | Sewer    | Slain by a river rat

Illustrated notes

Levels and vault maps discovered:
D:1:      lightli_arrival_flooded_house, layout_basic,
          nicolae_ecumenical_lake_church, serial_shops, nicolae_lakefront_shop
D:2:      layout_rooms, uniq_natasha
D:3:      layout_basic, mainiacjoe_overflow_alcove_4,
          mainiacjoe_overflow_concentric_impassable, portal_sewer_entry_b,
          nicolae_figureground_pulse, uniq_terence, uniq_robin
Sewer:    sewer_minmay_treatment

Skill      XL: |  1  2  3  4  5 |
---------------+----------------+-----
Armour         | 4 |  4.8
Shields        | 4 |  4.8
Fighting       | 4 |  4.8
Throwing       | 1 2 |  2.4
Axes           | 3 |  3.9

Action                   |  1- 3 |  4- 6 || total
-------------------------+-------+-------++-------
Melee: War axe           |    59 |    81 ||   140
       Headbutt          |     4 |    12 ||    16
  Use: Potion            |       |     1 ||     1
Armor: Scale mail        |    42 |    58 ||   100
Dodge: Dodged            |    29 |    28 ||    57
Block: Buckler           |     3 |       ||     3
       Tower shield      |    37 |    93 ||   130
